 Dungeon Crawl Stone Soup version 0.25-a0-346-g140ab784a8 (webtiles) character file.

Game seed: 18366763811676659862, levelgen mode: deterministic

480 BritishOli the Slasher (level 6, 0/49 HPs)
             Began as a Demonspawn Gladiator on Dec 31, 2019.
             Slain by an orc warrior
             ... wielding a +0 hand axe
              (5 damage)
             ... on level 4 of the Dungeon.
             The game lasted 00:02:46 (3124 turns).

BritishOli the Slasher (Demonspawn Gladiator)       Turns: 3124, Time: 00:02:47

Health: 0/49       AC:  7    Str: 16    XL:     6   Next: 86%
Magic:  6/6        EV: 14    Int:  9    God:
Gold:   210        SH:  6    Dex: 15    Spells: 5/5 levels left

rFire    . . .     SeeInvis .   a - +0 long sword
rCold    . . .     Gourm    .   (no shield)
rNeg     . . .     Faith    .   b - +0 leather armour
rPois    .         Spirit   .   c - +0 helmet
rElec    .         Reflect  .   (no cloak)
rCorr    .         Harm     .   e - +2 pair of gloves
MR       .....                  (no boots)
Stlth    +.........             (no amulet)
HPRegen  0.16/turn              (no ring)
MPRegen  0.10/turn              (no ring)

@: no status effects
A: claws 1, large bone plates 2, spiny 1
a: no special abilities


You were on level 4 of the Dungeon.
You were not hungry.

You visited 1 branch of the dungeon, and saw 5 of its levels.

You collected 210 gold pieces.

Inventory:

Hand Weapons
 a - a +0 long sword (weapon)
Armour
 b - a +0 leather armour (worn)
 c - a +0 helmet (worn)
 e - a +2 pair of gloves (worn)
Jewellery
 t - an uncursed amulet of harm {unknown}
Scrolls
 g - a scroll of enchant armour {unknown}
 i - a scroll of noise {unknown}
 l - 2 scrolls of blinking {unknown}
 m - 2 scrolls of remove curse {unknown}
 n - 6 scrolls of teleportation {unknown}
 p - 3 scrolls of amnesia {unknown}
 q - a scroll of identify {unknown}
 u - a scroll of enchant weapon {unknown}
Potions
 h - 5 potions of curing {unknown}
 j - a potion of ambrosia {unknown}
 k - 2 potions of heal wounds {unknown}
 o - 2 potions of agility {unknown}
 r - a potion of degeneration {unknown}
 s - a potion of haste {unknown}
Comestibles
 f - 12 rations


   Skills:
 + Level 4.5 Fighting
 + Level 4.6 Long Blades
 - Level 2.0 Throwing
 + Level 4.6 Dodging


You had 5 spell levels left.
You didn't know any spells.
Your spell library was empty.

Dungeon Overview and Level Annotations

Branches:
Dungeon (5/15)
 Temple: D:4-7

Altars:
Elyvilon
Nemelex Xobeh
Qazlal
Xom
The Shining One
Beogh

Annotations:
D:3 3 runed translucent doors, qipq's ghost, amateur TrNe


Innate Abilities, Weirdness & Mutations

You have sharp fingernails.
You are mostly covered in large bone plates. (SH +6)
You are partially covered in sharp spines.


Message History

You hit the orc warrior but do no damage.
You block the orc warrior's attack.
You slash the orc warrior!
The orc warrior is moderately wounded.
The orc warrior is struck by your spines.
The orc warrior hits you with a +0 hand axe.
You hit the orc warrior.
The orc warrior is heavily wounded.
The orc warrior hits you with a +0 hand axe!
* * * LOW HITPOINT WARNING * * *
You closely miss the orc warrior.
The orc warrior is heavily wounded.
The orc warrior is struck by your spines.
The orc warrior closely misses you.
You riposte.
You slash the orc warrior!
The orc warrior is severely wounded.
You block the orc warrior's attack.
You barely miss the orc warrior.
The orc warrior is severely wounded.
The orc warrior hits you with a +0 hand axe.
You die...

#...##..#.# #Ť#...^^#.^.
#...##..#.# ##......^....
#...#.....# ##........##
#...#)#..## #...##.####
#.....#..# #######...##.#
#........# #........###.#
#.....##.# #...#######..#
#...#....# #o.....<.##.######
#...#..### #@######.........#
####.#...#######.# ##.######..
#....##...#......#######.#### ###
#....###....................#####
#....# #.##.#########....##......
#....# #.##.# #.###########
#....# ####.# #..##### # #....#
##..# ##.....###### #....####..##
#####.......


You could see an orc warrior.

Vanquished Creatures
  An ogre (D:4)
  A centaur (D:3)
  A bullfrog (D:4)
  An orc priest (D:3)
  Terence (D:2)
  An iguana (D:3)
  A worker ant (D:4)
  5 adders
  An ooze (D:1)
  3 worms
  4 dart slugs
  5 leopard geckos
  10 orcs
  8 bats
  2 giant cockroaches
  6 goblins
  10 hobgoblins
  2 jackals (D:4)
  8 kobolds
  A quokka (D:3)
  A ball python (D:1)
  10 frilled lizards
  A quokka zombie (D:3)
  6 rats
90 creatures vanquished.

Notes
Turn   | Place    | Note
-------+----------+-------------------------------------------
     0 | D:1      | BritishOli the Demonspawn Gladiator began the quest for the
                  | Orb.
     0 | D:1      | Reached XP level 1. HP: 16/16 MP: 1/1
    75 | D:1      | Gained mutation: You are partially covered in sharp spines.
                  | [demonic ancestry]
    75 | D:1      | Reached XP level 2. HP: 20/22 MP: 2/2
   174 | D:1      | Gained mutation: You are partially covered in large bone
                  | plates. (SH +4) [demonic ancestry]
   174 | D:1      | Reached XP level 3. HP: 20/28 MP: 3/3
   725 | D:2      | Found a white marble altar of Elyvilon.
   798 | D:2      | Gained mutation: You have sharp fingernails. [demonic
                  | ancestry]
   798 | D:2      | Reached XP level 4. HP: 34/34 MP: 4/4
   915 | D:2      | Noticed Terence
   926 | D:2      | Killed Terence
  1233 | D:3      | Gained mutation: You are mostly covered in large bone
                  | plates. (SH +6) [demonic ancestry]
  1233 | D:3      | Reached XP level 5. HP: 6/41 MP: 5/5
  1664 | D:3      | Found a runed translucent gate.
  1664 | D:3      | Found a runed translucent gate.
  1664 | D:3      | Found a runed translucent gate.
  1675 | D:3      | Identified the cursed +0 ring mail "Pits" {rPois rF+}
  1682 | D:3      | Found a roughly hewn altar of Beogh.
  1682 | D:3      | Noticed qipq's ghost (amateur TrNe)
  1699 | D:3      | Noticed a centaur
  1711 | D:3      | Killed a centaur
  1711 | D:3      | Reached XP level 6. HP: 27/48 MP: 6/6
  2137 | D:3      | Found a glowing golden altar of the Shining One.
  2409 | D:4      | Found a stormy altar of Qazlal.
  2443 | D:4      | Found a sparkling altar of Nemelex Xobeh.
  2911 | D:4      | Found a shimmering altar of Xom.
  3013 | D:5      | Entered Level 5 of the Dungeon
  3094 | D:5      | Noticed an orc warrior
  3124 | D:4      | Slain by an orc warrior

Levels and vault maps discovered:
D:1:      giann_forest_graveyard, layout_basic, minmay_tetromino_l4
D:2:      layout_rooms, kennysheep_nub, elyvilon_altar_5, uniq_terence
D:3:      layout_loops_corners, nicolae_overflow_crystal_walls,
          biasface_ghost_orc_armoury, serial_glass, glass_columns_a,
          glass_columns_b, glass_columns_b, glass_columns_b, first_ration
D:4:      layout_rooms, overflow_temple_1_default,
          nemelex_xobeh_ov_fountains_minmay, grunt_qazlal_sundering
D:5:      layout_basic

Skill      XL: |  1  2  3  4  5  6 |
---------------+-------------------+-----
Throwing       | 2 |  2.0
Dodging        | 3 4 |  4.6
Long Blades    | 3 4 |  4.6
Fighting       | 3 4 |  4.5

Action                   |  1- 3 |  4- 6 || total
-------------------------+-------+-------++-------
Melee: Long sword        |    73 |   111 ||   184
Throw: Throwing net      |       |     3 ||     3
 Stab: Sleeping          |     1 |     5 ||     6
  Eat: Chunk             |       |     7 ||     7
Armor: Leather armour    |    12 |    15 ||    27
Dodge: Dodged            |    52 |    44 ||    96
Block: Other             |    10 |    31 ||    41
       Rpst.: Long sword |    14 |    10 ||    24

Table legend:
 A = Non-vault XP
 B = Vault XP
 C = Vault XP percentage of total XP
 D = Non-vault monster count
 E = Vault monster count
 F = Vault count percentage of total count
                 A         B        C        D         E       F
            +---------+---------+-------+---------+---------+-------
      Total |     642 |      44 |   6.4 |      85 |       5 |   5.6
            +---------+---------+-------+---------+---------+-------
        D:1 |      61 |       8 |  11.6 |      30 |       4 |  11.8
        D:2 |      55 |      36 |  39.6 |      18 |       1 |   5.3
        D:3 |     272 |       0 |   0.0 |      26 |       0 |   0.0
        D:4 |     239 |       0 |   0.0 |       6 |       0 |   0.0
        D:5 |      15 |       0 |   0.0 |       5 |       0 |   0.0
            +---------+---------+-------+---------+---------+-------
